 Dungeon Crawl Stone Soup version 0.31-a0-210-gccc998df9b (webtiles) character file.

Game seed: 505026589651443960

1595 Dittersdorf the Trooper (level 8, -2/52 HPs)
             Began as a Gargoyle Fighter on June 29, 2023.
             Slain by an orc warrior
             ... wielding a +0 flail
              (9 damage)
             ... on level 5 of the Dungeon.
             The game lasted 00:05:54 (4570 turns).

Dittersdorf the Trooper (Gargoyle Fighter)          Turns: 4570, Time: 00:05:55

Health: -2/52      AC: 16    Str: 23    XL:     8   Next: 93%
Magic:  8/8        EV: 10    Int:  8    God:
Gold:   343        SH:  5    Dex:  9    Spells: 7/7 levels left

rFire   . . .        a - +1 flail
rCold   . . .        c - +0 buckler
rNeg    + . .        m - +3 ring mail {Will+}
rPois   ∞            s - +0 helmet
rElec   +            t - scarf {shadows}
rCorr   .            (no gloves)
SInv    .            (no boots)
Will    +....        (no amulet) Stlth
                     (no ring)
HPRegen 0.28/turn    (no ring)
MPRegen 0.11/turn

%: no passive effects
@: no status effects
A: sickness immunity, AC +5, negative energy resistance 1, electricity
resistance, torment resistance 1, petrification resistance
a: no special abilities


You were on level 5 of the Dungeon.
You visited 1 branch of the dungeon, and saw 6 of its levels.

You collected 343 gold pieces.

Inventory:

Hand Weapons
 a - a +1 flail (weapon)
Armour
 c - a +0 buckler (worn)
 f - a +0 kite shield
 m - a +3 ring mail of willpower (worn)
 s - a +0 helmet (worn)
 t - a scarf of shadows (worn)
Jewellery
 u - a ring of fire
Wands
 n - a wand of acid (8)
Scrolls
 h - a scroll of revelation
Potions
 b - 2 potions of curing {unknown}
 d - 2 potions of might
 e - 2 potions of cancellation {unknown}
 g - a potion of ambrosia
 i - 3 potions of heal wounds
 k - a potion of haste {unknown}
 l - a potion of magic {unknown}
 v - a potion of brilliance


   Skills:
 + Level 6.8 Fighting
 + Level 5.7 Maces & Flails
 + Level 6.8 Armour
 + Level 6.8 Shields


You had 7 spell levels left.
You didn't know any spells.
Your spell library contained the following spells:

 Spells                   Type           Power      Damage    Failure   Level
 Lesser Beckoning         Tloc           0%         N/A       75%         2
 Gell's Gravitas          Tloc           0%         N/A       92%         3
 Teleport Other           Tloc           0%         N/A       92%         3


Dungeon Overview and Level Annotations

Branches:
Dungeon (6/15)
 Temple: D:4-7

Altars:
Xom

Shops:
D:4 :


Innate Abilities, Weirdness & Mutations

You are immune to sickness and miasma.
Your stone body is resilient. (AC +5)
You are immune to poison.
You resist negative energy. (rN+)
You are resistant to electric shocks. (rElec)
You are resistant to unholy torment.
You are immune to petrification.


Message History

The adder attacks as you move away! The adder barely misses you.
The orc warrior attacks as you move away!
The orc warrior hits you with a +0 flail.
* * * LOW HITPOINT WARNING * * *
The scorpion stings you but does no damage.
The adder attacks as you move away! The adder bites you but does no damage.
The adder barely misses you. The scorpion attacks as you move away!
You block the scorpion's attack.
The scorpion stings you but does no damage.
The adder attacks as you move away! You block the adder's attack.
The orc warrior attacks as you move away!
The orc warrior closely misses you.
The orc warrior attacks as you move away!
The orc warrior hits you with a +0 flail.
* * * LOW HITPOINT WARNING * * *
The adder barely misses you.
The orc warrior attacks as you move away!
The orc warrior hits you with a +0 flail.
* * * LOW HITPOINT WARNING * * *
The adder attacks as you move away! The adder closely misses you.
There is a stone staircase leading up here.
The adder closely misses you. The orc warrior closely misses you.
The adder barely misses you.
You climb upwards.
There is a stone staircase leading down here.
The orc warrior attacks as you move away!
The orc warrior barely misses you.
You see here a +0 spear.
The orc warrior attacks as you move away!
You block the orc warrior's attack.
You hit the orc warrior but do no damage.
The orc warrior is severely wounded.
The orc warrior hits you but does no damage.
You hit the orc warrior.
The orc warrior is almost dead.
You block the orc warrior's attack.
You barely miss the orc warrior.
The orc warrior is almost dead.
The orc warrior hits you with a +0 flail!
You die...

..## #.# ##.##########
...############.# ###...#########
..............#.###...#.........#
........................#######.#
##§####.....#.##.##.....######...
.#<# #.###.....)[)..............
##.# #.# ######S##.....###.##...
...# ##.# #o##.....# #.###)#
.#.###.## #@####...###.###.#
........# #.# #...........))
##.....### ##.###.....######).
.........# ##...##.....#### #..
#.#...#.## #..............###..
..#.#.#..# #....###..##..>..#..
#.......### #.#.## #..##.###....
....#.....# #....###..##.# #....
....#....## ###...##..##.###....


You could see an orc warrior and an adder.

Vanquished Creatures
  Grinder (D:5)
  A water moccasin (D:5)
  A black bear (D:5)
  A centaur (D:5)
  A phantom (D:5)
  4 scorpions
  A howler monkey (D:5)
  2 hounds
  Ijyb (D:3)
  4 jellies (D:5)
  A gnoll bouda (D:5)
  2 iguanas
  Natasha (thrice) (D:2)
  Terence (D:2)
  A sleepcap (D:6)
  2 orc wizards
  Robin (D:3)
  11 gnolls
  9 adders
  A white imp (D:5)
  2 worms
  19 orcs
  9 ball pythons
  2 endoplasms
  3 giant cockroaches
  13 goblins
  8 hobgoblins
  6 kobolds
  3 quokkas
  9 bats
  4 frilled lizards
  5 rats
132 creatures vanquished.

Notes
Turn   | Place    | Note
-------+----------+-------------------------------------------
     0 | D:1      | Dittersdorf the Gargoyle Fighter began the quest for the
                  | Orb.
     0 | D:1      | Reached XP level 1. HP: 14/14 MP: 1/1
   203 | D:1      | Reached XP level 2. HP: 19/19 MP: 2/2
   549 | D:1      | Reached XP level 3. HP: 23/23 MP: 3/3
   804 | D:2      | Noticed Natasha
   911 | D:2      | Killed Natasha
   912 | D:2      | Reached XP level 4. HP: 9/29 MP: 4/4
  1085 | D:2      | Noticed Natasha
  1167 | D:2      | Killed Natasha
  1268 | D:2      | Reached XP level 5. HP: 33/33 MP: 5/5
  1365 | D:2      | Noticed Terence
  1376 | D:2      | Killed Terence
  1666 | D:2      | Noticed Natasha
  1672 | D:2      | Killed Natasha
  1928 | D:3      | Reached XP level 6. HP: 34/39 MP: 6/6
  1957 | D:3      | Noticed Ijyb
  1975 | D:3      | Killed Ijyb
  2176 | D:3      | Noticed Robin
  2215 | D:3      | Killed Robin
  2593 | D:4      | Found Gacrah Leit's Book Shoppe.
  2644 | D:4      | Reached skill level 5 in Shields
  2741 | D:4      | Reached skill level 5 in Fighting
  2741 | D:4      | Reached skill level 5 in Armour
  2746 | D:4      | HP: 2/40 [iguana (10)]
  2751 | D:4      | Reached XP level 7. HP: 3/44 MP: 7/7
  3011 | D:4      | Identified the +0 leather armour of Beogh's Respect {rPois}
  3340 | D:5      | Entered Level 5 of the Dungeon
  3433 | D:5      | Noticed Grinder
  3457 | D:5      | Killed Grinder
  3458 | D:5      | Reached XP level 8. HP: 41/51 MP: 8/8
  3612 | D:5      | Reached skill level 5 in Maces & Flails
  3831 | D:5      | Found a shimmering altar of Xom.
  4534 | D:6      | Identified the +2 chain mail of Spite {Drain rPois MP+9}
  4570 | D:5      | Slain by an orc warrior

Illustrated notes

Levels and vault maps discovered:
D:1:      lemuel_arrival_funnel, layout_basic
D:2:      layout_basic, uniq_terence, uniq_natasha
D:3:      layout_rooms, minmay_quantized, uniq_ijyb, uniq_robin
D:4:      layout_basic, serial_shops, shop
D:5:      nicolae_cairo_tiling_large_dashed, layout_loops_ring,
          dk_xom_monty_hall, uniq_grinder
D:6:      layout_layer_cave, mainiacjoe_overflow_alcove_4,
          minmay_temple_entry_from_below_a, minmay_misc_feat_doors,
          minmay_ruined_shrine, uniq_blork_the_orc

Skill      XL: |  1  2  3  4  5  6  7  8 |
---------------+-------------------------+-----
Fighting       | 4 5 6 |  6.8
Shields        | 4 5 6 |  6.8
Armour         | 4 5 6 |  6.8
Maces & Flails | 3 4 5 |  5.7

Action                     |  1- 3 |  4- 6 |  7- 9 || total
---------------------------+-------+-------+-------++-------
  Melee: Flail             |   123 |   239 |   205 ||   567
    Use: Scroll            |       |     4 |    10 ||    14
 Armour: Scale mail        |    82 |    40 |       ||   122
         Ring mail         |       |   122 |   112 ||   234
  Dodge: Dodged            |    62 |   170 |   134 ||   366
  Block: Buckler           |    30 |    71 |    61 ||   162

Table legend: (Time is in decaauts)
 A = Elapsed time spent in this place.
 B = Non-inter-level travel time spent in this place.
 C = Inter-level travel time spent in this place.
 D = Time resting spent in this place.
 E = Time spent auto-exploring this place.
 F = Levels seen in this place.
 G = Mean time per level.
                   A        B        C        D        E       F      G
               +--------+--------+--------+--------+--------+-----+--------+
         Total |   4725 |   4544 |    181 |    615 |   2701 |   6 |  787.5 |
       Dungeon |   4725 |   4544 |    181 |    615 |   2701 |   6 |  787.5 |
               +--------+--------+--------+--------+--------+-----+--------+

Top non-repeatable levels by time:
     D:5: 1068 daAuts
     D:1: 986 daAuts
     D:4: 895 daAuts
     D:2: 862 daAuts
     D:3: 729 daAuts
     D:6: 184 daAuts
